 Dungeon Crawl Stone Soup version 0.28-a0-793-g31680bbd8b (webtiles) character file.

Game seed: 11707693012284629724

200 croobank the Magician (level 5, -1/28 HPs)
             Began as a Deep Elf Hedge Wizard on Nov 4, 2021.
             Slain by a gnoll (14 damage)
             ... on level 3 of the Dungeon.
             The game lasted 00:26:56 (3213 turns).

croobank the Magician (Deep Elf Hedge Wizard)       Turns: 3213, Time: 00:26:57

Health: -1/28      AC:  3    Str:  7    XL:     5   Next: 48%
Magic:  11/16      EV: 13    Int: 20    God:
Gold:   177        SH:  0    Dex: 14    Spells: 5/17 levels left

rFire   . . .      SeeInvis .   a - +0 dagger
rCold   + . .      Faith    .   (no shield)
rNeg    . . .      Spirit   .   b - +0 robe
rPois   .          Reflect  .   c - +0 hat
rElec   .          Harm     .   (no cloak)
rCorr   .          Rampage  .   (no gloves)
Will    +....                   i - +0 pair of boots
Stlth   ++........              (no amulet)
HPRegen 0.09/turn               o - ring of willpower
MPRegen 0.15/turn               k - ring of protection from cold

@: no status effects
A: no striking features
a: no special abilities


You were on level 3 of the Dungeon.
You visited 1 branch of the dungeon, and saw 3 of its levels.

You collected 177 gold pieces.

Inventory:

Hand Weapons
 a - a +0 dagger (weapon)
Missiles
 e - 64 arrows
 h - 47 stones
 j - 5 boomerangs
Armour
 b - a +0 robe (worn)
 c - a +0 hat (worn)
 i - a +0 pair of boots (worn)
 m - a +0 helmet
 p - a +0 leather armour
Jewellery
 k - a ring of protection from cold (right hand)
 o - a ring of willpower (left hand)
Scrolls
 d - a scroll of fear
Potions
 f - a potion of might
 g - a potion of lignification
 l - a potion of flight {unknown}


   Skills:
 + Level 0.3 Fighting
 + Level 1.0 Short Blades
 + Level 3.1 Dodging
 + Level 2.9 Stealth
 + Level 6.6 Spellcasting
 + Level 3.1 Conjurations
 + Level 1.2 Summonings
 + Level 1.1 Translocations


You had 5 spell levels left.
You knew the following spells:

 Your Spells              Type           Power      Damage    Failure   Level
a - Magic Dart            Conj           76%        1d6       2%          1
b - Slow                  Hex            24%        N/A       10%         1
c - Blink                 Tloc           22%        N/A       10%         2
d - Call Imp              Summ           11%        N/A       9%          2
e - Conjure Flame         Conj/Fire      12%        6-21      16%         3
f - Mephitic Cloud        Conj/Pois/Air  10%        N/A       19%         3

Your spell library contained the following spells:

 Spells                   Type           Power      Damage    Failure   Level


Dungeon Overview and Level Annotations

Branches:
Dungeon (3/15)

Altars:

Shops:
D:2 [


Message History

Aiming: Magic Dart (safe; 2% risk of failure)
Press: ? - help, Q - select action, (/) - cycle Shift-Dir - straight line, f/p - gnoll
Aim: a gnoll, wielding a +0 club (heavily wounded, 100% to hit)
The magic dart hits the gnoll but does no damage.
The gnoll is heavily wounded.
The gnoll barely misses you. The gnoll closely misses you.
You hit the gnoll.
The gnoll is severely wounded.
The gnoll hits you with a +0 club. The gnoll barely misses you.
You hit the gnoll but do no damage.
The gnoll is severely wounded.
The gnoll closely misses you. x2
You closely miss the gnoll.
The gnoll is severely wounded.
The gnoll hits you but does no damage.
The gnoll hits you from afar with a +0 halberd!
You hit the gnoll but do no damage.
The gnoll is severely wounded.
The gnoll closely misses you. The gnoll misses you.
Aiming: Magic Dart (safe; 2% risk of failure)
Press: ? - help, Q - select action, (/) - cycle Shift-Dir - straight line, f/p - gnoll
Aim: a gnoll, wielding a +0 club (severely wounded, 100% to hit)
The magic dart hits the gnoll.
The gnoll is severely wounded.
The gnoll hits you with a +0 club.
Aiming: Magic Dart (safe; 2% risk of failure)
Press: ? - help, Q - select action, (/) - cycle Shift-Dir - straight line, f/p - gnoll
Aim: a gnoll, wielding a +0 club (severely wounded, 100% to hit)
The magic dart hits the gnoll.
You kill the gnoll!
The gnoll barely misses you.
You see here a +0 hand axe.
Aiming: Magic Dart (safe; 2% risk of failure)
Press: ? - help, Q - select action, (/) - cycle Shift-Dir - straight line, f - gnoll
Aim: a gnoll, wielding a +0 halberd (100% to hit)
The magic dart hits the gnoll.
The gnoll is heavily wounded.
The gnoll hits you from afar with a +0 halberd!
Ouch! That really hurt!
You die...

........#######........ #.
........# #........ #. ........#
#........ ##.## #######.#
#........ .... #.# #........
######..## #.# ####.##.#
......... #.# #.##.#
###...#.#########.###### #.##.#
#............gg)@<.....#####.##..
.......).........................
.......#÷##...÷........#####.#...
#.#....#.##............# #.#.##
#.#....#..#............# #.....
#.#....##)#............# ###.#.
#.#....##.#............# #.#.
#.#....##.#............# #.#
.......##..##.#+######## #.#


You could see 2 gnolls.

Vanquished Creatures
  An ogre (D:3)
  2 gnolls (D:3)
  3 adders
  A worm (D:2)
  5 orcs
  2 endoplasms
  A giant cockroach (D:1)
  4 goblins
  4 hobgoblins
  3 jackals (D:3)
  7 kobolds
  5 quokkas
  7 ball pythons
  7 bats
  4 frilled lizards
  3 rats
59 creatures vanquished.

Vanquished Creatures (others)
  A plant (D:1)
1 creature vanquished.

Grand Total: 60 creatures vanquished

Notes
Turn   | Place    | Note
-------+----------+-------------------------------------------
     0 | D:1      | croobank the Deep Elf Hedge Wizard began the quest for the
                  | Orb.
     0 | D:1      | Reached XP level 1. HP: 10/10 MP: 7/7
   257 | D:1      | Learned a level 1 spell: Slow
   346 | D:1      | Reached XP level 2. HP: 15/15 MP: 4/9
   511 | D:1      | Reached skill level 5 in Spellcasting
   514 | D:1      | Learned a level 2 spell: Blink
   546 | D:1      | Learned a level 2 spell: Call Imp
   787 | D:1      | Found a faded altar of an unknown god.
  1169 | D:2      | Reached XP level 3. HP: 19/19 MP: 4/12
  1228 | D:2      | Learned a level 3 spell: Conjure Flame
  1909 | D:2      | Reached skill level 6 in Spellcasting
  1913 | D:2      | Learned a level 3 spell: Mephitic Cloud
  1978 | D:2      | Found Pexkinis's Armour Emporium.
  2133 | D:3      | Reached XP level 4. HP: 24/24 MP: 12/14
  2925 | D:3      | Noticed an ogre
  2972 | D:3      | Killed an ogre
  2973 | D:3      | Reached skill level 1 in Short Blades
  2973 | D:3      | Reached XP level 5. HP: 13/28 MP: 3/16
  3213 | D:3      | Slain by a gnoll

Illustrated notes

Levels and vault maps discovered:
D:1:      denvon_arrival_planthouse, layout_loops_cross,
          shapermc_ecumenical_altar_mp_vishouse
D:2:      layout_loops_corners, serial_shops, shop_coins
D:3:      layout_basic, minmay_misc_feat_tower, uniq_robin

Skill      XL: |  1  2  3  4 |
---------------+-------------+-----
Spellcasting   | 5 6 |  6.6
Conjurations   | 3 |  3.1
Short Blades   | 1 |  1.0
Dodging        | 3 |  3.1
Fighting       | |  0.3
Stealth        | |  2.9
Summonings     | |  1.2
Translocations | |  1.1

Action                   |  1- 3 |  4- 6 || total
-------------------------+-------+-------++-------
Melee: Dagger            |    20 |    23 ||    43
 Cast: Magic Dart        |    90 |    77 ||   167
       Mephitic Cloud    |       |     1 ||     1
  Use: Scroll            |     4 |       ||     4
       Potion            |       |     5 ||     5
Armor: Robe              |     6 |    14 ||    20
       Skin              |       |     2 ||     2
Dodge: Dodged            |    12 |    62 ||    74

Table legend: (Time is in decaauts)
 A = Elapsed time spent in this place.
 B = Non-inter-level travel time spent in this place.
 C = Inter-level travel time spent in this place.
 D = Time resting spent in this place.
 E = Time spent auto-exploring this place.
 F = Levels seen in this place.
 G = Mean time per level.
                   A        B        C        D        E       F      G
               +--------+--------+--------+--------+--------+-----+--------+
         Total |   3211 |   3135 |     76 |    600 |   1895 |   3 | 1070.3 |
       Dungeon |   3211 |   3135 |     76 |    600 |   1895 |   3 | 1070.3 |
               +--------+--------+--------+--------+--------+-----+--------+

Top non-repeatable levels by time:
     D:2: 1347 daAuts
     D:1: 1035 daAuts
     D:3: 828 daAuts
